 Dungeon Crawl Stone Soup version 0.22.1-2-g9c5b331383 (webtiles) character file.

355 Cykl0x the Shield-Bearer (level 6, -9/38 HPs)
             Began as a Gargoyle Fighter on Nov 20, 2018.
             Was a Follower of Okawaru.
             Mangled by a gnoll
             ... wielding a +0 flail
              (11 damage)
             ... on level 4 of the Dungeon.
             The game lasted 00:07:18 (2338 turns).

Cykl0x the Shield-Bearer (Gargoyle Fighter)         Turns: 2338, Time: 00:07:18

Health: -9/38      AC: 11    Str: 20    XL:     6   Next: 63%
Magic:  6/6        EV: 10    Int:  8    God:    Okawaru [*.....]
Gold:   161        SH:  0    Dex: 11    Spells: 5/5 levels left

rFire    . . .     SeeInvis .   n - -1 battleaxe (curse)
rCold    . . .     Gourm    .   (shield currently unavailable)
rNeg     + . .     Faith    .   b - +0 scale mail
rPois    ∞         Spirit   .   (no helmet)
rElec    +         Reflect  .   (no cloak)
rCorr    .         Harm     .   (no gloves)
MR       .....                  (no boots)
Stlth    ..........             (no amulet)
HPRegen  0.12/turn              (no ring)
MPRegen  0.10/turn              (no ring)

@: no status effects
A: negative energy resistance 1, electricity resistance, unbreathing,
petrification resistance, rot immunity, AC +4
a: Heroism, Renounce Religion


You were on level 4 of the Dungeon.
You worshipped Okawaru.
Okawaru was aware of your devotion.
You were not hungry.

You visited 1 branch of the dungeon, and saw 4 of its levels.

You collected 161 gold pieces.

Inventory:

Hand Weapons
 a - a +0 war axe
 n - a cursed -1 battleaxe (weapon)
Armour
 b - a +0 scale mail (worn)
 c - a +2 shield
Jewellery
 i - an uncursed ring of wizardry
Scrolls
 j - a scroll of teleportation
Potions
 d - 3 potions of might
 e - 2 potions of flight
 g - a potion of ambrosia
 k - 2 potions of curing
 l - a potion of degeneration {unknown}
 o - a potion of experience {unknown}
 p - a potion of cancellation {unknown}
Comestibles
 f - 5 rations
 h - a chunk of flesh


   Skills:
 + Level 4.1 Fighting
 + Level 4.1 Axes
 + Level 4.5 Armour
 + Level 1.4 Dodging
 + Level 4.5 Shields


You had 5 spell levels left.
You didn't know any spells.
Your spell library was empty.

Dungeon Overview and Level Annotations

Branches:
Dungeon (4/15)
 Temple: D:4-7

Altars:
Hepliaklqana
Makhleb
Okawaru
Uskayaw


Innate Abilities, Weirdness & Mutations

You are resistant to torment.
Your stone body is resilient. (AC +4)
You are immune to poison.
You resist negative energy. (rN+)
You are resistant to electric shocks. (rElec)
You can survive without breathing.
You are immune to petrification.
You are immune to rotting.


Message History

Okawaru accepts your kill. The orc barely misses you.
You hit the gnoll but do no damage. The orc closely misses you.
The gnoll barely misses you. The orc hits you but does no damage.
You barely miss the gnoll. The gnoll barely misses you.
The orc barely misses you. The gnoll hits you but does no damage.
You hit the gnoll but do no damage. The orc closely misses you.
The gnoll hits you but does no damage.
You hit the gnoll.
The gnoll is heavily wounded.
The orc barely misses you. The gnoll closely misses you. x2
The orc closely misses you.
You slash the gnoll!
You kill the gnoll!
Okawaru accepts your kill.
The gnoll throws a throwing net.
The throwing net barely misses you.
The orc hits you from afar with a trident.
* * * LOW HITPOINT WARNING * * *
The gnoll hits you with a flail!
You die...

# ......... ..
#.#.#.#.. ##
........# #.#.#.#.#
#### ........# ....
#.#.#%#.### . ....
....(.go##. .. ....
#@# .## ..⌠ (...
#(# ..## .... ....
#.###..#....# ..!.
#..).......# #..#
#########......##
....
#................
#.##
##....###......##
......##).##......#
##### ##..........#


You could see a gnoll and an orc.

Vanquished Creatures
  2 hounds (D:4)
  A centaur skeleton (D:4)
  An orc wizard (D:4)
  10 adders
  6 gnolls (D:4)
  3 worms (D:2)
  3 leopard geckos
  9 orcs
  8 bats
  2 giant cockroaches
  7 goblins
  4 hobgoblins
  4 jackals
  4 quokkas
  3 frilled lizards
  5 kobolds
  8 rats
80 creatures vanquished.

Notes
Turn   | Place    | Note
-------+----------+-------------------------------------------
     0 | D:1      | Cykl0x the Gargoyle Fighter began the quest for the Orb.
     0 | D:1      | Reached XP level 1. HP: 14/14 MP: 1/1
   308 | D:1      | Reached XP level 2. HP: 19/19 MP: 2/2
   926 | D:2      | Reached XP level 3. HP: 24/24 MP: 3/3
   934 | D:2      | Noticed a dagger
   934 | D:2      | Noticed a hand axe
   940 | D:2      | Found a hide-covered altar of Uskayaw.
  1252 | D:2      | Found a burning altar of Makhleb.
  1265 | D:2      | Reached XP level 4. HP: 14/29 MP: 4/4
  1390 | D:2      | Found a hazy altar of Hepliaklqana.
  1482 | D:2      | Found an iron altar of Okawaru.
  1490 | D:2      | Became a worshipper of Warmaster Okawaru
  1737 | D:3      | Reached XP level 5. HP: 32/33 MP: 5/5
  2130 | D:4      | Noticed an ogre
  2182 | D:4      | Reached skill level 1 in Dodging
  2182 | D:4      | Reached XP level 6. HP: 12/38 MP: 6/6
  2262 | D:4      | Reached * piety under Okawaru
  2338 | D:4      | Mangled by a gnoll

Skill      XL: |  1  2  3  4  5  6 |
---------------+-------------------+-----
Axes           | 2 3 4 |  4.1
Shields        | 4 |  4.5
Armour         | 4 |  4.5
Fighting       | 4 |  4.1
Dodging        | 1 |  1.4

Action                   |  1- 3 |  4- 6 || total
-------------------------+-------+-------++-------
Melee: War axe           |   109 |    76 ||   185
       Battleaxe         |       |   113 ||   113
  Use: Scroll            |     6 |     5 ||    11
       Potion            |       |     1 ||     1
  Eat: Chunk             |     1 |     4 ||     5
Armor: Scale mail        |    75 |   191 ||   266
Dodge: Dodged            |    44 |   181 ||   225
Block: Shield            |    64 |    70 ||   134
